Avalanche vs Lightning
Created - December 20, 2019 at 21:43
Goals
|
Avalanche |
1 |
0 |
1 |
2 |
Lightning |
0 |
2 |
1 |
3 |
|
Shots
|
Avalanche |
16 |
4 |
12 |
32 |
Lightning |
1 |
10 |
14 |
25 |
|
1st period
1. Avalanche , Charlie Coyle 5 (Mattias Ekholm 5, Brad Richardson 6) at 19:22
Penalties :
Jeff Schultz (TB.) for Hooking (Minor) at 17:08
2nd period
2. Lightning , Sam Gagner 9 (Patrick Kaleta 4, Jeff Skinner 4) at 1:52
3. Lightning , Henrik Zetterberg 7 (Rasmus Ristolainen 17, Mika Zibanejad 8) at 11:51 (PP)
Penalties :
Henrik Zetterberg (TB.) for Hooking (Minor) at 2:09, Dany Heatley (TB.) for Holding (Minor) at 5:05, Sam Gagner (TB.) for Slashing (Minor) at 9:15, Mattias Ekholm (Col) for Hooking (Minor) at 11:35, Henrik Zetterberg (TB.) for Hooking (Minor) at 15:22
3rd period
4. Avalanche , Paul Stastny 9 (Alexander Radulov 14, Charlie Coyle 4) at 3:05
5. Lightning , Gilbert Brule 8 (Daniel Carcillo 10, Rasmus Ristolainen 18) at 15:02
Penalties :
Danny Richmond (Col) for Tripping (Minor) at 4:18, Paul Stastny (Col) for Hooking (Minor) at 7:13, Mikael Backlund (TB.) for Tripping (Minor) at 12:02
Goalie Stats
Semyon Varlamov (Col), 22 saves from 25 shots - (0.880), L, 12-7-1, 58:56 minutes
Jaroslav Halak (TB.), 30 saves from 32 shots - (0.938), W, 11-8-1, 60:00 minutes
Players Stats for Avalanche
Player Name G A P +/- PIM S H SB GA TA FO MP PP MP PK MP
------------------------------------------------------------------------------------
Alexander Radulov 0 1 1 1 0 0 0 0 0 0 0/0 15:20 5:09 0:00
Andrei Kostitsyn 0 0 0 1 0 1 2 0 0 0 1/2 16:17 5:09 0:56
Andrew Ladd 0 0 0 1 0 2 1 0 0 1 1/1 10:35 0:10 0:00
Brad Richardson 0 1 1 1 0 1 0 0 0 0 0/1 12:03 0:03 1:06
Bryan Little 0 0 0 -2 0 6 0 1 0 0 14/32 24:06 6:35 2:10
Charlie Coyle 1 1 2 1 0 2 2 2 0 0 2/7 10:04 0:00 0:26
Danny Richmond 0 0 0 0 2 0 1 0 0 0 0/0 20:02 4:29 0:50
Darren Reid 0 0 0 0 0 1 0 0 0 0 0/0 7:25 0:00 0:00
Dmitry Kulikov 0 0 0 1 0 1 1 0 0 0 0/0 10:20 0:00 0:28
Erik Karlsson 0 0 0 0 0 1 2 1 0 0 0/0 20:56 4:29 1:43
Jack Johnson 0 0 0 -1 0 2 1 3 1 0 0/0 29:13 7:25 2:31
Kyle Turris 0 0 0 0 0 0 1 0 0 0 1/3 7:25 0:00 0:00
Marc Staal 0 0 0 -1 0 1 2 4 1 0 0/0 29:13 7:25 2:31
Matt Moulson 0 0 0 0 0 0 1 0 1 1 0/0 7:58 0:10 0:00
Mattias Ekholm 0 1 1 1 2 1 1 2 0 0 0/0 10:15 0:00 0:25
Mikkel Boedker 0 0 0 -2 0 5 1 1 1 0 3/5 24:16 6:42 2:12
Patric Hornqvist 0 0 0 -2 0 6 0 0 1 1 1/2 23:33 6:35 1:08
Paul Stastny 1 0 1 1 2 2 1 0 0 1 6/10 16:42 5:09 0:30
Players Stats for Lightning
Player Name G A P +/- PIM S H SB GA TA FO MP PP MP PK MP
------------------------------------------------------------------------------------
Andy Rogers 0 0 0 1 0 3 1 3 0 2 0/0 23:18 0:00 7:06
Cameron Schilling 0 0 0 -1 0 0 0 1 0 0 0/0 10:37 1:31 0:00
Daniel Carcillo 0 1 1 1 0 1 3 4 1 0 1/1 16:32 0:02 4:46
Dany Heatley 0 0 0 0 2 1 0 0 1 0 0/0 8:26 0:00 0:16
Gilbert Brule 1 0 1 0 0 2 0 2 0 0 9/18 18:36 0:03 6:30
Henrik Zetterberg 1 0 1 -1 4 4 3 0 0 0 2/4 17:22 2:10 2:12
Jack Skille 0 0 0 0 0 0 0 0 0 0 0/0 8:26 0:02 0:00
Jeff Schultz 0 0 0 -1 2 2 0 3 0 1 0/0 27:27 2:43 5:53
Jeff Skinner 0 1 1 1 0 0 1 0 0 1 2/2 15:30 2:02 2:45
Justin Schultz 0 0 0 1 0 3 3 1 0 0 0/0 22:50 1:31 4:48
Kevin Hayes 0 0 0 1 0 0 1 0 0 0 0/2 12:13 2:02 0:00
Mika Zibanejad 0 1 1 -1 0 2 0 0 0 0 14/23 16:16 2:09 0:54
Mikael Backlund 0 0 0 0 2 0 2 0 0 0 1/3 8:15 0:00 0:00
Patrick Kaleta 0 1 1 0 0 1 2 0 0 1 0/0 18:30 0:00 6:25
Rasmus Ristolainen 0 2 2 1 0 3 0 1 0 0 0/0 21:46 2:43 1:13
Sam Gagner 1 0 1 1 2 1 1 0 1 0 5/10 12:39 2:02 0:00
Theo Peckham 0 0 0 -2 0 0 1 2 0 0 0/0 14:07 0:00 4:48
Tyler Toffoli 0 0 0 -1 0 2 2 0 1 0 0/0 15:10 2:10 0:00
3 Stars
1 - Charlie Coyle (Col)
2 - Daniel Carcillo (TB.)
3 - Rasmus Ristolainen (TB.)
Power Play
Avalanche - 0 on 6 Attempt(s) - 0.00%
Lightning - 1 on 3 Attempt(s) - 33.33%
Penalty Kill
Avalanche - 2 on 3 Attempt(s) - 66.67%
- Score 0 goal in Penalty Kill
Lightning - 6 on 6 Attempt(s) - 100.00%
- Score 0 goal in Penalty Kill
Team Stat
Avalanche - Hits : 17 - Faceoff Wins : 29 - Blocked Shots : 14 - Penalty Minutes : 6
Lightning - Hits : 20 - Faceoff Wins : 34 - Blocked Shots : 17 - Penalty Minutes : 12
Official
Referees : Unknown
Linesman : Unknown
Game Notes
Andrew Ladd is injured at 18:44 of 3rd period (Separated Left Shoulder)
Finance
Level 1 -- Attendance: 4235 (70.58%) -- Ticket Income $487,025
Level 2 -- Attendance: 4897 (97.94%) -- Ticket Income $313,408
Level 3 -- Attendance: 1516 (75.80%) -- Ticket Income $66,704
Level 4 -- Attendance: 2485 (62.13%) -- Ticket Income $99,400
Luxury Box -- Attendance: 658 (65.80%) -- Ticket Income $141,470
Game was played at the Tampa Bay Stadium.
Total Attendance: 13791 (76.62%)
Total Ticket Income: $1,108,007
Other Income: $166,201
Total Income: $1,274,208
Avalanche
5 vs 5 Forward
Center Left Wing Right Wing Time % Phy DF OF
1 Bryan Little Mikkel Boedker Patric Hornqvist 40 1 2 2
2 Paul Stastny Andrei Kostitsyn Alexander Radulov 30 1 2 2
3 Charlie Coyle Andrew Ladd Brad Richardson 20 1 2 2
4 Kyle Turris Matt Moulson Darren Reid 10 1 2 2
5 vs 5 Defense
Defense Defense Time % Phy DF OF
1 Jack Johnson Marc Staal 40 1 2 2
2 Erik Karlsson Danny Richmond 30 1 2 2
3 Dmitry Kulikov Mattias Ekholm 20 1 2 2
4 Jack Johnson Marc Staal 10 1 2 2
PowerPlay Forward
Center Left Wing Right Wing Time % Phy DF OF
1 Bryan Little Mikkel Boedker Patric Hornqvist 60 1 2 2
2 Paul Stastny Andrei Kostitsyn Alexander Radulov 40 1 2 2
PowerPlay Defense
Defense Defense Time % Phy DF OF
1 Jack Johnson Marc Staal 60 1 2 2
2 Erik Karlsson Danny Richmond 40 1 2 2
Penalty Kill 4 Players Forward
Center Wing Time % Phy DF OF
1 Mikkel Boedker Bryan Little 60 1 2 2
2 Patric Hornqvist Paul Stastny 40 1 2 2
Penalty Kill 4 Players Defense
Defense Defense Time % Phy DF OF
1 Jack Johnson Marc Staal 60 1 2 2
2 Erik Karlsson Danny Richmond 40 1 2 2
Penalty Kill - 3 Players Forward
Forward Time % Phy DF OF
1 Mikkel Boedker 60 1 2 2
2 Bryan Little 40 1 2 2
Penalty Kill - 3 Players Defense
Defense Defense Time % Phy DF OF
1 Jack Johnson Marc Staal 60 1 2 2
2 Erik Karlsson Danny Richmond 40 1 2 2
4 vs 4 Forward
Center Wing Time % Phy DF OF
1 Mikkel Boedker Bryan Little 60 1 2 2
2 Patric Hornqvist Paul Stastny 40 1 2 2
4 vs 4 Defense
Defense Defense Time % Phy DF OF
1 Jack Johnson Marc Staal 60 1 2 2
2 Erik Karlsson Danny Richmond 40 1 2 2
Last Minutes Offensive
Center Left Wing Right Wing Defense Defense
Bryan Little Mikkel Boedker Patric Hornqvist Jack Johnson Marc Staal
Last Minutes Defensive
Center Left Wing Right Wing Defense Defense
Bryan Little Mikkel Boedker Patric Hornqvist Jack Johnson Marc Staal
Goaltenders
Starting : Semyon Varlamov
Backup : Mike Brodeur
Extra Forwards
Normal : Andrew Ladd, Matt Moulson, Brad Richardson - PP : Andrew Ladd, Matt Moulson - PK : Brad Richardson
Extra Defensemen
Normal : Dmitry Kulikov, Mattias Ekholm, Erik Karlsson - PP : Dmitry Kulikov - PK : Mattias Ekholm, Erik Karlsson
Penalty Shots
Mikkel Boedker, Bryan Little, Patric Hornqvist, Paul Stastny, Andrei Kostitsyn
Scratches
None
Lightning
5 vs 5 Forward
Center Left Wing Right Wing Time % Phy DF OF
1 Mika Zibanejad Henrik Zetterberg Tyler Toffoli 35 0 2 3
2 Gilbert Brule Daniel Carcillo Kevin Hayes 30 0 2 3
3 Sam Gagner Jeff Skinner Patrick Kaleta 30 0 2 3
4 Mikael Backlund Dany Heatley Jack Skille 5 1 2 2
5 vs 5 Defense
Defense Defense Time % Phy DF OF
1 Jeff Schultz Rasmus Ristolainen 40 0 2 3
2 Justin Schultz Andy Rogers 30 0 2 3
3 Theo Peckham Cameron Schilling 20 0 2 3
4 Justin Schultz Rasmus Ristolainen 10 0 2 3
PowerPlay Forward
Center Left Wing Right Wing Time % Phy DF OF
1 Mika Zibanejad Henrik Zetterberg Tyler Toffoli 60 0 1 4
2 Sam Gagner Jeff Skinner Kevin Hayes 40 0 1 4
PowerPlay Defense
Defense Defense Time % Phy DF OF
1 Jeff Schultz Rasmus Ristolainen 60 0 2 3
2 Justin Schultz Cameron Schilling 40 0 2 3
Penalty Kill 4 Players Forward
Center Wing Time % Phy DF OF
1 Gilbert Brule Patrick Kaleta 60 1 3 1
2 Henrik Zetterberg Daniel Carcillo 40 1 3 1
Penalty Kill 4 Players Defense
Defense Defense Time % Phy DF OF
1 Jeff Schultz Andy Rogers 60 1 3 1
2 Justin Schultz Theo Peckham 40 1 3 1
Penalty Kill - 3 Players Forward
Forward Time % Phy DF OF
1 Daniel Carcillo 60 1 3 1
2 Patrick Kaleta 40 1 3 1
Penalty Kill - 3 Players Defense
Defense Defense Time % Phy DF OF
1 Jeff Schultz Andy Rogers 60 1 3 1
2 Justin Schultz Theo Peckham 40 1 3 1
4 vs 4 Forward
Center Wing Time % Phy DF OF
1 Sam Gagner Tyler Toffoli 60 0 2 3
2 Sam Gagner Jeff Skinner 40 0 2 3
4 vs 4 Defense
Defense Defense Time % Phy DF OF
1 Jeff Schultz Rasmus Ristolainen 60 0 2 3
2 Justin Schultz Andy Rogers 40 0 2 3
Last Minutes Offensive
Center Left Wing Right Wing Defense Defense
Mika Zibanejad Henrik Zetterberg Tyler Toffoli Jeff Schultz Rasmus Ristolainen
Last Minutes Defensive
Center Left Wing Right Wing Defense Defense
Gilbert Brule Daniel Carcillo Patrick Kaleta Jeff Schultz Andy Rogers
Goaltenders
Starting : Jaroslav Halak
Backup : Jhonas Enroth
Extra Forwards
Normal : Tyler Toffoli, Mika Zibanejad, Jeff Skinner - PP : Tyler Toffoli, Mika Zibanejad - PK : Jeff Skinner
Extra Defensemen
Normal : Theo Peckham, Rasmus Ristolainen, Justin Schultz - PP : Jeff Schultz - PK : Rasmus Ristolainen, Justin Schultz
Penalty Shots
Tyler Toffoli, Jeff Skinner, Kevin Hayes, Mika Zibanejad, Patrick Kaleta
Scratches
Pierre-Luc Létourneau (Healthy)
% Time on Ice - Avalanche
Lines # - Real PCT - Wanted PCT - Time Play
Normal Forward
1 - 34% - 40% - 14:30
2 - 26% - 30% - 11:04
3 - 23% - 20% - 9:38
4 - 17% - 10% - 7:25
Normal Defense
1 - 39% - 40% - 16:47
2 - 35% - 30% - 14:44
3 - 23% - 20% - 9:51
4 - 3% - 10% - 1:15
PP Forward
1 - 57% - 60% - 6:45
2 - 43% - 40% - 5:09
PP Defense
1 - 62% - 60% - 7:25
2 - 38% - 40% - 4:29
PK Forward
1 - 73% - 60% - 3:06
2 - 27% - 40% - 1:08
PK Defense
1 - 59% - 60% - 2:31
2 - 41% - 40% - 1:43
PK3 Forward
1 - 0% - 60%
2 - 0% - 40%
PK3 Defense
1 - 0% - 60%
2 - 0% - 40%
44 Forward
1 - 0% - 60%
2 - 0% - 40%
44 Defense
1 - 0% - 60%
2 - 0% - 40%
Last Minute Offensive - 1:15
Last Minute Defensive - 0:00
Total
Forward - 60:00
Defense - 60:00
|
% Time on Ice - Lightning
Lines # - Real PCT - Wanted PCT - Time Play
Normal Forward
1 - 32% - 35% - 13:42
2 - 24% - 30% - 10:11
3 - 25% - 30% - 10:35
4 - 19% - 5% - 8:09
Normal Defense
1 - 41% - 40% - 17:23
2 - 32% - 30% - 13:48
3 - 19% - 20% - 8:18
4 - 7% - 10% - 3:08
PP Forward
1 - 52% - 60% - 2:12
2 - 48% - 40% - 2:02
PP Defense
1 - 64% - 60% - 2:43
2 - 36% - 40% - 1:31
PK Forward
1 - 71% - 60% - 8:26
2 - 29% - 40% - 3:28
PK Defense
1 - 61% - 60% - 7:13
2 - 39% - 40% - 4:41
PK3 Forward
1 - 0% - 60%
2 - 0% - 40%
PK3 Defense
1 - 0% - 60%
2 - 0% - 40%
44 Forward
1 - 0% - 60%
2 - 0% - 40%
44 Defense
1 - 0% - 60%
2 - 0% - 40%
Last Minute Offensive - 0:00
Last Minute Defensive - 1:15
Total
Forward - 60:00
Defense - 60:00
|
Play-by-Play
1st period
0:01 of 1st period - Bryan Little wins face-off versus Henrik Zetterberg in neutral zone.
0:34 of 1st period - Icing by Marc Staal.
0:35 of 1st period - Paul Stastny wins face-off versus Sam Gagner in Avalanche zone.
0:40 of 1st period - Sam Gagner is hit by Andrei Kostitsyn and loses puck.
1:55 of 1st period - Icing by Jack Johnson.
1:56 of 1st period - Andrei Kostitsyn wins face-off versus Mika Zibanejad in Avalanche zone.
2:23 of 1st period - Slapshot by Paul Stastny.
2:23 of 1st period - Stopped by Jaroslav Halak with a rebound.
2:25 of 1st period - Snap shot by Andrei Kostitsyn.
2:25 of 1st period - Stopped by Jaroslav Halak without a rebound.
2:26 of 1st period - Bryan Little wins face-off versus Kevin Hayes in Lightning zone.
2:37 of 1st period - Snap shot by Bryan Little.
2:37 of 1st period - Shot Blocked by Jeff Schultz.
3:36 of 1st period - Kevin Hayes is hit by Erik Karlsson and loses puck.
3:57 of 1st period - Andy Rogers is hit by Andrew Ladd and loses puck.
4:16 of 1st period - Snap shot by Henrik Zetterberg.
4:16 of 1st period - Shot Misses the Net.
4:44 of 1st period - Icing by Matt Moulson.
4:45 of 1st period - Sam Gagner wins face-off versus Brad Richardson in Avalanche zone.
4:46 of 1st period - Slapshot by Rasmus Ristolainen.
4:46 of 1st period - Stopped by Semyon Varlamov with a rebound.
5:18 of 1st period - Icing by Sam Gagner.
5:19 of 1st period - Sam Gagner wins face-off versus Paul Stastny in Lightning zone.
5:50 of 1st period - Slapshot by Henrik Zetterberg.
5:50 of 1st period - Shot Misses the Net.
5:52 of 1st period - Slapshot by Jeff Schultz.
5:52 of 1st period - Shot Misses the Net.
5:54 of 1st period - Snap shot by Tyler Toffoli.
5:54 of 1st period - Shot Misses the Net.
6:08 of 1st period - Snap shot by Bryan Little.
6:08 of 1st period - Stopped by Jaroslav Halak with a rebound.
6:50 of 1st period - Wrist shot by Andrei Kostitsyn.
6:50 of 1st period - Shot Blocked by Theo Peckham.
6:52 of 1st period - Slapshot by Dmitry Kulikov.
6:52 of 1st period - Deflect By Cameron Schilling.
6:52 of 1st period - Stopped by Jaroslav Halak without a rebound.
6:53 of 1st period - Bryan Little wins face-off versus Gilbert Brule in Lightning zone.
7:02 of 1st period - Marc Staal is hit by Kevin Hayes and loses puck.
7:29 of 1st period - Wrist shot by Mikkel Boedker.
7:29 of 1st period - Shot Blocked by Daniel Carcillo.
7:59 of 1st period - Wrist shot by Bryan Little.
7:59 of 1st period - Shot Blocked by Daniel Carcillo.
8:01 of 1st period - Snap shot by Patric Hornqvist.
8:01 of 1st period - Stopped by Jaroslav Halak with a rebound.
8:09 of 1st period - Wrist shot by Mikkel Boedker.
8:09 of 1st period - Shot Blocked by Jeff Schultz.
8:11 of 1st period - Snap shot by Marc Staal.
8:11 of 1st period - Shot Blocked by Jeff Schultz.
8:13 of 1st period - Snap shot by Bryan Little.
8:13 of 1st period - Stopped by Jaroslav Halak with a rebound.
8:23 of 1st period - Wrist shot by Mikkel Boedker.
8:23 of 1st period - Stopped by Jaroslav Halak with a rebound.
8:25 of 1st period - Slapshot by Patric Hornqvist.
8:25 of 1st period - Stopped by Jaroslav Halak with a rebound.
8:27 of 1st period - Slapshot by Marc Staal.
8:27 of 1st period - Stopped by Jaroslav Halak with a rebound.
8:29 of 1st period - Slapshot by Bryan Little.
8:29 of 1st period - Shot Blocked by Daniel Carcillo.
9:07 of 1st period - Snap shot by Bryan Little.
9:07 of 1st period - Stopped by Jaroslav Halak without a rebound.
9:08 of 1st period - Mika Zibanejad wins face-off versus Charlie Coyle in Lightning zone.
9:33 of 1st period - Andrei Kostitsyn is hit by Jeff Skinner and loses puck.
9:56 of 1st period - Snap shot by Justin Schultz.
9:56 of 1st period - Shot Blocked by Erik Karlsson.
10:02 of 1st period - Kyle Turris is hit by Mikael Backlund and loses puck.
10:19 of 1st period - Snap shot by Andrew Ladd.
10:19 of 1st period - Shot Misses the Net.
10:21 of 1st period - Slapshot by Andrew Ladd.
10:21 of 1st period - Stopped by Jaroslav Halak with a rebound.
10:39 of 1st period - Patrick Kaleta is hit by Mattias Ekholm and loses puck.
10:50 of 1st period - Mikael Backlund is hit by Matt Moulson and loses puck.
11:10 of 1st period - Tyler Toffoli is hit by Charlie Coyle and loses puck.
11:21 of 1st period - Wrist shot by Patrick Kaleta.
11:21 of 1st period - Shot Blocked by Mattias Ekholm.
12:33 of 1st period - Alexander Radulov is hit by Justin Schultz and loses puck.
14:12 of 1st period - Brad Richardson is hit by Tyler Toffoli and loses puck.
15:22 of 1st period - Icing by Jack Skille.
15:23 of 1st period - Kyle Turris wins face-off versus Mikael Backlund in Lightning zone.
15:30 of 1st period - Slapshot by Darren Reid.
15:30 of 1st period - Stopped by Jaroslav Halak with a rebound.
16:23 of 1st period - Dany Heatley is hit by Dmitry Kulikov and loses puck.
16:32 of 1st period - Backhand shot by Dany Heatley.
16:32 of 1st period - Shot Misses the Net.
16:54 of 1st period - Backhand shot by Kyle Turris.
16:54 of 1st period - Deflect By Theo Peckham.
16:54 of 1st period - Shot Hit the Post.
16:54 of 1st period - Puck is out of play.
16:55 of 1st period - Mika Zibanejad wins face-off versus Bryan Little in Lightning zone.
17:08 of 1st period - Minor Penalty to Jeff Schultz for Hooking.
17:09 of 1st period - Bryan Little wins face-off versus Gilbert Brule in Lightning zone.
17:14 of 1st period - Snap shot by Mikkel Boedker.
17:14 of 1st period - Stopped by Jaroslav Halak without a rebound.
17:15 of 1st period - Gilbert Brule wins face-off versus Bryan Little in Lightning zone.
19:08 of 1st period - Penalty to Jeff Schultz is over, Jeff Schultz is back on ice.
19:14 of 1st period - Slapshot by Brad Richardson.
19:14 of 1st period - Shot Blocked by Gilbert Brule.
19:16 of 1st period - Slapshot by Mattias Ekholm.
19:16 of 1st period - Shot Blocked by Justin Schultz.
19:18 of 1st period - Wrist shot by Brad Richardson.
19:18 of 1st period - Stopped by Jaroslav Halak with a rebound.
19:20 of 1st period - Backhand shot by Mattias Ekholm.
19:20 of 1st period - Stopped by Jaroslav Halak with a rebound.
19:22 of 1st period - Snap shot by Charlie Coyle.
19:22 of 1st period - Goal by Charlie Coyle - Avalanche : 1 - Lightning : 0.
19:23 of 1st period - Henrik Zetterberg wins face-off versus Paul Stastny in neutral zone.
Goals for this period are 1 for Avalanche vs 0 for Lightning .
Shots for this period are 16 for Avalanche vs 1 for Lightning .
2nd period
0:01 of 2nd period - Mika Zibanejad wins face-off versus Bryan Little in neutral zone.
0:14 of 2nd period - Wrist shot by Henrik Zetterberg.
0:14 of 2nd period - Deflect By Tyler Toffoli.
0:14 of 2nd period - Shot Blocked by Bryan Little.
0:14 of 2nd period - Puck is out of play.
0:15 of 2nd period - Mikkel Boedker wins face-off versus Gilbert Brule in Avalanche zone.
0:20 of 2nd period - Wrist shot by Bryan Little.
0:20 of 2nd period - Shot Blocked by Daniel Carcillo.
0:26 of 2nd period - Slapshot by Mikkel Boedker.
0:26 of 2nd period - Shot Blocked by Andy Rogers.
1:09 of 2nd period - Erik Karlsson is hit by Sam Gagner and loses puck.
1:52 of 2nd period - Snap shot by Sam Gagner.
1:52 of 2nd period - Goal by Sam Gagner - Avalanche : 1 - Lightning : 1.
1:53 of 2nd period - Henrik Zetterberg wins face-off versus Bryan Little in neutral zone.
1:58 of 2nd period - Backhand shot by Rasmus Ristolainen.
1:58 of 2nd period - Shot Misses the Net.
2:00 of 2nd period - Snap shot by Mika Zibanejad.
2:00 of 2nd period - Stopped by Semyon Varlamov with a rebound.
2:02 of 2nd period - Wrist shot by Henrik Zetterberg.
2:02 of 2nd period - Stopped by Semyon Varlamov without a rebound.
2:03 of 2nd period - Bryan Little wins face-off versus Mika Zibanejad in Avalanche zone.
2:09 of 2nd period - Minor Penalty to Henrik Zetterberg for Hooking.
2:10 of 2nd period - Gilbert Brule wins face-off versus Bryan Little in Lightning zone.
2:37 of 2nd period - Gilbert Brule is hit by Andrei Kostitsyn and loses puck.
2:42 of 2nd period - Slapshot by Erik Karlsson.
2:42 of 2nd period - Shot Blocked by Gilbert Brule.
3:28 of 2nd period - Marc Staal is hit by Daniel Carcillo and loses puck.
4:09 of 2nd period - Penalty to Henrik Zetterberg is over, Henrik Zetterberg is back on ice.
4:15 of 2nd period - Snap shot by Theo Peckham.
4:15 of 2nd period - Shot Blocked by Marc Staal.
4:17 of 2nd period - Snap shot by Tyler Toffoli.
4:17 of 2nd period - Shot Misses the Net.
4:19 of 2nd period - Wrist shot by Tyler Toffoli.
4:19 of 2nd period - Shot Blocked by Marc Staal.
4:21 of 2nd period - Snap shot by Henrik Zetterberg.
4:21 of 2nd period - Deflect By Tyler Toffoli.
4:21 of 2nd period - Shot Blocked by Charlie Coyle.
4:21 of 2nd period - Puck is out of play.
4:22 of 2nd period - Mika Zibanejad wins face-off versus Kyle Turris in Avalanche zone.
4:43 of 2nd period - Slapshot by Rasmus Ristolainen.
4:43 of 2nd period - Shot Blocked by Mattias Ekholm.
4:53 of 2nd period - Mattias Ekholm is hit by Mikael Backlund and loses puck.
5:05 of 2nd period - Minor Penalty to Dany Heatley for Holding.
5:06 of 2nd period - Gilbert Brule wins face-off versus Bryan Little in Lightning zone.
5:20 of 2nd period - Jeff Schultz is hit by Mikkel Boedker and loses puck.
5:33 of 2nd period - Paul Stastny is hit by Henrik Zetterberg and loses puck.
7:05 of 2nd period - Penalty to Dany Heatley is over, Dany Heatley is back on ice.
7:19 of 2nd period - Snap shot by Mikael Backlund.
7:19 of 2nd period - Shot Misses the Net.
7:33 of 2nd period - Darren Reid is hit by Tyler Toffoli and loses puck.
8:13 of 2nd period - Matt Moulson is hit by Theo Peckham and loses puck.
8:26 of 2nd period - Andrew Ladd is hit by Justin Schultz and loses puck.
9:00 of 2nd period - Jeff Skinner is hit by Danny Richmond and loses puck.
9:15 of 2nd period - Minor Penalty to Sam Gagner for Slashing.
9:16 of 2nd period - Gilbert Brule wins face-off versus Bryan Little in Lightning zone.
9:43 of 2nd period - Paul Stastny is hit by Henrik Zetterberg.
10:33 of 2nd period - Jeff Schultz is hit by Paul Stastny and loses puck.
11:15 of 2nd period - Penalty to Sam Gagner is over, Sam Gagner is back on ice.
11:25 of 2nd period - Snap shot by Dany Heatley.
11:25 of 2nd period - Stopped by Semyon Varlamov with a rebound.
11:27 of 2nd period - Slapshot by Cameron Schilling.
11:27 of 2nd period - Shot Misses the Net.
11:29 of 2nd period - Snap shot by Cameron Schilling.
11:29 of 2nd period - Shot Misses the Net.
11:31 of 2nd period - Slapshot by Justin Schultz.
11:31 of 2nd period - Stopped by Semyon Varlamov without a rebound.
11:32 of 2nd period - Mika Zibanejad wins face-off versus Kyle Turris in Avalanche zone.
11:33 of 2nd period - Slapshot by Henrik Zetterberg.
11:33 of 2nd period - Shot Misses the Net.
11:35 of 2nd period - Minor Penalty to Mattias Ekholm for Hooking.
11:36 of 2nd period - Mikkel Boedker wins face-off versus Mika Zibanejad in Avalanche zone.
11:51 of 2nd period - Snap shot by Henrik Zetterberg.
11:51 of 2nd period - Goal by Henrik Zetterberg - Avalanche : 1 - Lightning : 2.
11:52 of 2nd period - Mika Zibanejad wins face-off versus Bryan Little in neutral zone.
12:01 of 2nd period - Rasmus Ristolainen is hit by Marc Staal and loses puck.
12:28 of 2nd period - Backhand shot by Rasmus Ristolainen.
12:28 of 2nd period - Shot Misses the Net.
13:13 of 2nd period - Slapshot by Justin Schultz.
13:13 of 2nd period - Stopped by Semyon Varlamov without a rebound.
13:14 of 2nd period - Mika Zibanejad wins face-off versus Bryan Little in Avalanche zone.
13:21 of 2nd period - Snap shot by Mikkel Boedker.
13:21 of 2nd period - Shot Misses the Net.
13:23 of 2nd period - Snap shot by Patric Hornqvist.
13:23 of 2nd period - Stopped by Jaroslav Halak without a rebound.
13:24 of 2nd period - Bryan Little wins face-off versus Mika Zibanejad in Lightning zone.
13:27 of 2nd period - Wrist shot by Patric Hornqvist.
13:27 of 2nd period - Shot Misses the Net.
13:29 of 2nd period - Slapshot by Bryan Little.
13:29 of 2nd period - Stopped by Jaroslav Halak without a rebound.
13:30 of 2nd period - Bryan Little wins face-off versus Mika Zibanejad in Lightning zone.
13:43 of 2nd period - Slapshot by Henrik Zetterberg.
13:43 of 2nd period - Shot Misses the Net.
13:45 of 2nd period - Slapshot by Andy Rogers.
13:45 of 2nd period - Deflect By Tyler Toffoli.
13:45 of 2nd period - Shot Blocked by Jack Johnson.
13:45 of 2nd period - Puck is out of play.
13:46 of 2nd period - Gilbert Brule wins face-off versus Paul Stastny in Avalanche zone.
13:55 of 2nd period - Snap shot by Daniel Carcillo.
13:55 of 2nd period - Shot Blocked by Marc Staal.
13:57 of 2nd period - Wrist shot by Kevin Hayes.
13:57 of 2nd period - Deflect By Gilbert Brule.
13:57 of 2nd period - Shot Misses the Net.
13:57 of 2nd period - Puck is out of play.
13:58 of 2nd period - Bryan Little wins face-off versus Mika Zibanejad in Avalanche zone.
14:03 of 2nd period - Snap shot by Patric Hornqvist.
14:03 of 2nd period - Stopped by Jaroslav Halak without a rebound.
14:04 of 2nd period - Mika Zibanejad wins face-off versus Bryan Little in Lightning zone.
14:17 of 2nd period - Snap shot by Henrik Zetterberg.
14:17 of 2nd period - Stopped by Semyon Varlamov with a rebound.
14:57 of 2nd period - Slapshot by Justin Schultz.
14:57 of 2nd period - Shot Misses the Net.
14:59 of 2nd period - Slapshot by Justin Schultz.
14:59 of 2nd period - Stopped by Semyon Varlamov without a rebound.
15:00 of 2nd period - Mika Zibanejad wins face-off versus Mikkel Boedker in Avalanche zone.
15:22 of 2nd period - Minor Penalty to Henrik Zetterberg for Hooking.
15:23 of 2nd period - Bryan Little wins face-off versus Gilbert Brule in Lightning zone.
15:40 of 2nd period - Snap shot by Bryan Little.
15:40 of 2nd period - Shot Hit the Post.
15:58 of 2nd period - Off-side.
15:59 of 2nd period - Jeff Skinner wins face-off versus Bryan Little in neutral zone.
17:22 of 2nd period - Penalty to Henrik Zetterberg is over, Henrik Zetterberg is back on ice.
17:48 of 2nd period - Rasmus Ristolainen is hit by Kyle Turris and loses puck.
18:07 of 2nd period - Mikkel Boedker is hit by Patrick Kaleta and loses puck.
18:20 of 2nd period - Jeff Skinner is hit by Marc Staal and loses puck.
18:57 of 2nd period - Wrist shot by Paul Stastny.
18:57 of 2nd period - Shot Misses the Net.
18:59 of 2nd period - Snap shot by Alexander Radulov.
18:59 of 2nd period - Shot Misses the Net.
19:01 of 2nd period - Slapshot by Jack Johnson.
19:01 of 2nd period - Shot Blocked by Theo Peckham.
19:35 of 2nd period - Slapshot by Erik Karlsson.
19:35 of 2nd period - Stopped by Jaroslav Halak with a rebound.
19:55 of 2nd period - Snap shot by Patrick Kaleta.
19:55 of 2nd period - Stopped by Semyon Varlamov with a rebound.
Goals for this period are 0 for Avalanche vs 2 for Lightning .
Shots for this period are 4 for Avalanche vs 10 for Lightning .
3rd period
0:01 of 3rd period - Bryan Little wins face-off versus Kevin Hayes in neutral zone.
0:54 of 3rd period - Snap shot by Andrew Ladd.
0:54 of 3rd period - Stopped by Jaroslav Halak without a rebound.
0:55 of 3rd period - Gilbert Brule wins face-off versus Bryan Little in Lightning zone.
1:00 of 3rd period - Backhand shot by Andy Rogers.
1:00 of 3rd period - Stopped by Semyon Varlamov with a rebound.
1:08 of 3rd period - Wrist shot by Mikkel Boedker.
1:08 of 3rd period - Shot Blocked by Andy Rogers.
1:18 of 3rd period - Marc Staal is hit by Daniel Carcillo and loses puck.
2:01 of 3rd period - Wrist shot by Bryan Little.
2:01 of 3rd period - Stopped by Jaroslav Halak without a rebound.
2:02 of 3rd period - Mika Zibanejad wins face-off versus Andrei Kostitsyn in Lightning zone.
2:07 of 3rd period - Paul Stastny is hit by Henrik Zetterberg and loses puck.
2:28 of 3rd period - Jeff Schultz is hit by Erik Karlsson and loses puck.
2:33 of 3rd period - Snap shot by Brad Richardson.
2:33 of 3rd period - Deflect By Jeff Skinner.
2:33 of 3rd period - Shot Misses the Net.
2:33 of 3rd period - Puck is out of play.
2:34 of 3rd period - Jeff Skinner wins face-off versus Charlie Coyle in Lightning zone.
3:05 of 3rd period - Slapshot by Paul Stastny.
3:05 of 3rd period - Goal by Paul Stastny - Avalanche : 2 - Lightning : 2.
3:06 of 3rd period - Bryan Little wins face-off versus Mika Zibanejad in neutral zone.
3:21 of 3rd period - Snap shot by Mikkel Boedker.
3:21 of 3rd period - Stopped by Jaroslav Halak with a rebound.
3:23 of 3rd period - Wrist shot by Mikkel Boedker.
3:23 of 3rd period - Stopped by Jaroslav Halak with a rebound.
4:16 of 3rd period - Wrist shot by Patrick Kaleta.
4:16 of 3rd period - Shot Misses the Net.
4:18 of 3rd period - Minor Penalty to Danny Richmond for Tripping.
4:19 of 3rd period - Mikkel Boedker wins face-off versus Sam Gagner in Avalanche zone.
4:30 of 3rd period - Slapshot by Rasmus Ristolainen.
4:30 of 3rd period - Shot Blocked by Marc Staal.
4:32 of 3rd period - Slapshot by Rasmus Ristolainen.
4:32 of 3rd period - Shot Blocked by Mikkel Boedker.
4:34 of 3rd period - Slapshot by Jeff Schultz.
4:34 of 3rd period - Stopped by Semyon Varlamov with a rebound.
4:50 of 3rd period - Slapshot by Rasmus Ristolainen.
4:50 of 3rd period - Stopped by Semyon Varlamov with a rebound.
4:52 of 3rd period - Slapshot by Jeff Schultz.
4:52 of 3rd period - Shot Misses the Net.
5:11 of 3rd period - Slapshot by Marc Staal.
5:11 of 3rd period - Shot Blocked by Cameron Schilling.
6:18 of 3rd period - Penalty to Danny Richmond is over, Danny Richmond is back on ice.
6:25 of 3rd period - Mattias Ekholm is hit by Daniel Carcillo and loses puck.
6:30 of 3rd period - Wrist shot by Daniel Carcillo.
6:30 of 3rd period - Shot Misses the Net.
6:32 of 3rd period - Slapshot by Andy Rogers.
6:32 of 3rd period - Stopped by Semyon Varlamov without a rebound.
6:33 of 3rd period - Paul Stastny wins face-off versus Mikael Backlund in Avalanche zone.
6:45 of 3rd period - Icing by Marc Staal.
6:46 of 3rd period - Mika Zibanejad wins face-off versus Paul Stastny in Avalanche zone.
6:57 of 3rd period - Snap shot by Tyler Toffoli.
6:57 of 3rd period - Stopped by Semyon Varlamov without a rebound.
6:58 of 3rd period - Sam Gagner wins face-off versus Bryan Little in Avalanche zone.
7:12 of 3rd period - Off-side.
7:13 of 3rd period - Paul Stastny wins face-off versus Gilbert Brule in neutral zone.
7:13 of 3rd period - Minor Penalty to Paul Stastny for Hooking.
7:14 of 3rd period - Mika Zibanejad wins face-off versus Mikkel Boedker in Avalanche zone.
7:17 of 3rd period - Wrist shot by Henrik Zetterberg.
7:17 of 3rd period - Shot Blocked by Jack Johnson.
7:19 of 3rd period - Wrist shot by Mika Zibanejad.
7:19 of 3rd period - Shot Blocked by Jack Johnson.
7:21 of 3rd period - Slapshot by Jeff Schultz.
7:21 of 3rd period - Stopped by Semyon Varlamov with a rebound.
8:27 of 3rd period - Jeff Schultz is hit by Jack Johnson and loses puck.
9:03 of 3rd period - Snap shot by Brad Richardson.
9:03 of 3rd period - Deflect By Patric Hornqvist.
9:03 of 3rd period - Stopped by Jaroslav Halak without a rebound.
9:04 of 3rd period - Patric Hornqvist wins face-off versus Mika Zibanejad in Lightning zone.
9:13 of 3rd period - Penalty to Paul Stastny is over, Paul Stastny is back on ice.
9:20 of 3rd period - Icing by Brad Richardson.
9:21 of 3rd period - Mikael Backlund wins face-off versus Patric Hornqvist in Avalanche zone.
11:01 of 3rd period - Off-side.
11:02 of 3rd period - Paul Stastny wins face-off versus Sam Gagner in neutral zone.
11:05 of 3rd period - Jack Johnson is hit by Justin Schultz and loses puck.
12:02 of 3rd period - Minor Penalty to Mikael Backlund for Tripping.
12:03 of 3rd period - Bryan Little wins face-off versus Gilbert Brule in Lightning zone.
12:04 of 3rd period - Snap shot by Patric Hornqvist.
12:04 of 3rd period - Deflect By Bryan Little.
12:04 of 3rd period - Stopped by Jaroslav Halak without a rebound.
12:05 of 3rd period - Bryan Little wins face-off versus Gilbert Brule in Lightning zone.
12:08 of 3rd period - Backhand shot by Bryan Little.
12:08 of 3rd period - Deflect By Patric Hornqvist.
12:08 of 3rd period - Stopped by Jaroslav Halak with a rebound.
12:10 of 3rd period - Slapshot by Jack Johnson.
12:10 of 3rd period - Deflect By Patrick Kaleta.
12:10 of 3rd period - Stopped by Jaroslav Halak without a rebound.
12:11 of 3rd period - Gilbert Brule wins face-off versus Bryan Little in Lightning zone.
12:52 of 3rd period - Snap shot by Patric Hornqvist.
12:52 of 3rd period - Deflect By Bryan Little.
12:52 of 3rd period - Shot Misses the Net.
12:52 of 3rd period - Puck is out of play.
12:53 of 3rd period - Paul Stastny wins face-off versus Henrik Zetterberg in Lightning zone.
13:46 of 3rd period - Jack Johnson is hit by Andy Rogers and loses puck.
14:02 of 3rd period - Penalty to Mikael Backlund is over, Mikael Backlund is back on ice.
14:11 of 3rd period - Icing by Andy Rogers.
14:12 of 3rd period - Mika Zibanejad wins face-off versus Charlie Coyle in Lightning zone.
14:23 of 3rd period - Snap shot by Tyler Toffoli.
14:23 of 3rd period - Shot Misses the Net.
14:25 of 3rd period - Snap shot by Andy Rogers.
14:25 of 3rd period - Shot Blocked by Charlie Coyle.
14:48 of 3rd period - Slapshot by Dmitry Kulikov.
14:48 of 3rd period - Deflect By Charlie Coyle.
14:48 of 3rd period - Stopped by Jaroslav Halak without a rebound.
14:49 of 3rd period - Daniel Carcillo wins face-off versus Bryan Little in Lightning zone.
15:02 of 3rd period - Snap shot by Gilbert Brule.
15:02 of 3rd period - Goal by Gilbert Brule - Avalanche : 2 - Lightning : 3.
15:03 of 3rd period - Sam Gagner wins face-off versus Charlie Coyle in neutral zone.
15:06 of 3rd period - Snap shot by Rasmus Ristolainen.
15:06 of 3rd period - Stopped by Semyon Varlamov without a rebound.
15:07 of 3rd period - Charlie Coyle wins face-off versus Sam Gagner in Avalanche zone.
15:40 of 3rd period - Slapshot by Mikkel Boedker.
15:40 of 3rd period - Shot Blocked by Rasmus Ristolainen.
16:52 of 3rd period - Snap shot by Mika Zibanejad.
16:52 of 3rd period - Stopped by Semyon Varlamov without a rebound.
16:53 of 3rd period - Mika Zibanejad wins face-off versus Bryan Little in Avalanche zone.
17:02 of 3rd period - Slapshot by Henrik Zetterberg.
17:02 of 3rd period - Shot Misses the Net.
17:04 of 3rd period - Wrist shot by Mika Zibanejad.
17:04 of 3rd period - Shot Misses the Net.
17:06 of 3rd period - Snap shot by Tyler Toffoli.
17:06 of 3rd period - Stopped by Semyon Varlamov without a rebound.
17:07 of 3rd period - Sam Gagner wins face-off versus Charlie Coyle in Avalanche zone.
17:10 of 3rd period - Wrist shot by Patrick Kaleta.
17:10 of 3rd period - Shot Misses the Net.
17:38 of 3rd period - Wrist shot by Theo Peckham.
17:38 of 3rd period - Deflect By Henrik Zetterberg.
17:38 of 3rd period - Stopped by Semyon Varlamov without a rebound.
17:39 of 3rd period - Charlie Coyle wins face-off versus Mika Zibanejad in Avalanche zone.
17:44 of 3rd period - Tyler Toffoli is hit by Charlie Coyle and loses puck.
18:27 of 3rd period - Backhand shot by Gilbert Brule.
18:27 of 3rd period - Stopped by Semyon Varlamov without a rebound.
18:28 of 3rd period - Paul Stastny wins face-off versus Gilbert Brule in Avalanche zone.
18:40 of 3rd period - Slapshot by Justin Schultz.
18:40 of 3rd period - Shot Hit the Post.
18:42 of 3rd period - Slapshot by Andy Rogers.
18:42 of 3rd period - Stopped by Semyon Varlamov without a rebound.
18:43 of 3rd period - Andrew Ladd wins face-off versus Sam Gagner in Avalanche zone.
18:43 of 3rd period - Andrew Ladd is hit by Patrick Kaleta.
18:44 of 3rd period - Andrew Ladd from Avalanche is injured at 18:44 of 3rd period (Separated Left Shoulder).
18:45 of 3rd period - Gilbert Brule wins face-off versus Bryan Little in Avalanche zone.
18:46 of 3rd period - Slapshot by Daniel Carcillo.
18:46 of 3rd period - Stopped by Semyon Varlamov with a rebound.
18:56 of 3rd period - Avalanche, Semyon Varlamov is pulled from the net.
19:06 of 3rd period - Slapshot by Bryan Little.
19:06 of 3rd period - Shot Misses the Net.
19:08 of 3rd period - Wrist shot by Bryan Little.
19:08 of 3rd period - Shot Misses the Net.
19:10 of 3rd period - Wrist shot by Marc Staal.
19:10 of 3rd period - Shot Misses the Net.
19:12 of 3rd period - Snap shot by Patric Hornqvist.
19:12 of 3rd period - Shot Blocked by Andy Rogers.
19:14 of 3rd period - Wrist shot by Marc Staal.
19:14 of 3rd period - Shot Misses the Net.
19:22 of 3rd period - Snap shot by Bryan Little.
19:22 of 3rd period - Shot Misses the Net.
19:24 of 3rd period - Wrist shot by Mikkel Boedker.
19:24 of 3rd period - Stopped by Jaroslav Halak without a rebound.
19:25 of 3rd period - Ted Nolan call a timeout for Avalanche.
19:25 of 3rd period - Bryan Little wins face-off versus Gilbert Brule in Lightning zone.
19:26 of 3rd period - Snap shot by Mikkel Boedker.
19:26 of 3rd period - Shot Misses the Net.
19:36 of 3rd period - Slapshot by Bryan Little.
19:36 of 3rd period - Shot Misses the Net.
19:38 of 3rd period - Wrist shot by Jack Johnson.
19:38 of 3rd period - Stopped by Jaroslav Halak without a rebound.
19:39 of 3rd period - Gilbert Brule wins face-off versus Bryan Little in Lightning zone.
Goals for this period are 1 for Avalanche vs 1 for Lightning .
Shots for this period are 12 for Avalanche vs 14 for Lightning .
Back to the Top